 Dungeon Crawl Stone Soup version 0.31-a0-271-gb88eb75e06 (webtiles) character file.

Game seed: 9934462797212727570

203 LeprechaunX the Changeling (level 5, -3/33 (36) HPs)
             Began as an Octopode Shapeshifter on July 14, 2023.
             Slain by a gnoll
             ... wielding a +0 flail
              (6 damage)
             ... on level 4 of the Dungeon.
             The game lasted 00:05:24 (2495 turns).

LeprechaunX the Changeling (Octopode Shapeshifter)  Turns: 2495, Time: 00:05:24

HP:   -3/33 (36)    AC:  1    Str: 14    XL:     5   Next: 81%
MP:   5/5           EV: 18    Int: 11    God:
Gold: 163           SH:  0    Dex: 14    Spells: 4/4 levels left

rFire   . .          .
                       - Unarmed
rCold   . . .        (no shield)
rNeg    . . .        (helmet currently unavailable)
rPois   .            (no amulet)
rElec   .            o - +5 ring of evasion
rCorr   .            (no ring)
SInv    .            (no ring)
Will    .....        (no ring)
Stlth   ++           (no ring)
HPRegen 0.25/turn    (no ring)
MPRegen 0.09/turn    (no ring)
                     (no ring)

%: no passive effects
@: beast-form, drained
A: beast (slay +2), almost no armour, amphibious, 8 rings, camouflage 1,
gelatinous body 1, (nimble swimmer 1), tentacles
a: Begin Untransformation


You were on level 4 of the Dungeon.
You were a hulking beast.
You visited 1 branch of the dungeon, and saw 4 of its levels.

You collected 163 gold pieces.

Inventory:

Hand Weapons
 a - a +0 longbow
Armour
 p - an orb of guile
Jewellery
 o - a +5 ring of evasion (left tentacle)
Talismans
 b - a beast talisman
 q - a talisman of death
Scrolls
 d - a scroll of poison {unknown}
 e - 4 scrolls of identify {unknown}
 f - a scroll of silence {unknown}
Potions
 c - 2 potions of mutation {unknown}
 g - a potion of enlightenment {unknown}
 h - a potion of might {unknown}
 i - a potion of magic {unknown}
 j - a potion of cancellation {unknown}
 k - a potion of ambrosia {unknown}
 l - a potion of heal wounds {unknown}
 n - a potion of berserk rage {unknown}
 r - a potion of degeneration {unknown}


   Skills:
 + Level 3.0 Fighting
 - Level 2.4 Dodging
 * Level 3.8 Unarmed Combat
 * Level 4.1 Shapeshifting


You had 4 spell levels left.
You didn't know any spells.
Your spell library contained the following spells:

 Spells                   Type           Power      Damage    Failure   Level
 Apportation              Tloc           0%         N/A       34%         1
 Alistair's Intoxication  Tmut/Pois      0%         N/A       100%        5


Dungeon Overview and Level Annotations

Branches:
Dungeon (4/15)
 Temple: D:4-7

Altars:

Shops:
D:1 [


Innate Abilities, Weirdness & Mutations

You are a hulking beast.
Your limbs bulge with bestial killing power. (Slay +2)
You cannot wear most types of armour.
You are amphibious.
You can wear up to eight rings at the same time.
Your skin changes colour to match your surroundings (Stealth+).
Your rubbery body absorbs attacks. (AC +1, EV +1)
((You are camouflaged when in or above water. (Stealth+)))
You have tentacles for arms and can constrict up to eight enemies at once.


Message History

a +0 hand axe; 2 boomerangs; an orc corpse
There is a huge open gate here.
There is a huge open gate here.
You open the door.
There is an open door here.
You open the large door.
A kobold brigand, a gnoll bouda, an orc and 6 gnolls come into view.
The kobold brigand is wielding a +0 club and quivering poisoned darts.
The gnoll bouda is wielding a +0 whip and wearing a +0 leather armour of cold resistance.
A gnoll is wielding a +2 whip of electrocution.
A gnoll is wielding a +1 whip of draining.
Which direction?
An orc and 4 gnolls come into view.
A gnoll is wielding a +0 whip of venom.
The gnoll bouda shouts!
The gnoll shouts! x2; The kobold brigand shouts!
The gnoll shouts! x2; You hear a shout! x2
A gnoll comes into view. It is wielding a +0 whip.
The gnoll shouts! x3
There is a large open door here.
The orc jeers noisily.
The gnoll bouda barks out a call to the hunt!
The gnolls pick up the pace!
A gnoll comes into view. It is wielding a +0 flail.
The gnoll attacks as you move away! The gnoll barely misses you. x2
The gnoll hits you with a +2 whip of electrocution!
There is a huge open gate here.
The gnoll misses you. The gnoll barely misses you.
The gnoll attacks as you move away! The gnoll closely misses you.
The gnoll hits you with a +1 whip of draining!
You feel drained. The gnoll hits you with a +0 club.
The gnoll completely misses you. The gnoll misses you.
The gnoll attacks as you move away! The gnoll hits you with a +0 club.
The gnoll hits you with a +1 whip of draining.
You feel drained. The gnoll hits you with a +0 club.
* * * LOW HITPOINT WARNING * * *
The gnoll attacks as you move away! The gnoll hits you with a +0 club.
* * * LOW HITPOINT WARNING * * *
The gnoll completely misses you.
The gnoll is no longer moving quickly. x2
The gnoll attacks as you move away! The gnoll misses you.
The gnoll attacks as you move away! The gnoll hits you with a +0 flail.
You die...

~~~~~~~~~~~~....~~~≈~≈~~
≈≈≈~≈≈≈≈)≈≈~K...≈≈≈≈≈≈≈≈
~~~~~~~≈~≈~~....)~~~~~~~
...................)....
###...##......#g#.......
#..........g.og...###.
#.. .######ggg##.....
........#####gg##.....
.... .......h..(..>.#
.... ......#<.####.##
..#####..# .....
....##.. #.##.# ... #.
#.. .. #. ## . #


You could see a kobold brigand, 8 gnolls and an orc.

Vanquished Creatures
  An orc priest (D:4)
  An iguana (D:4)
  An orc wizard (D:4)
  3 adders (D:3)
  A gnoll (D:4)
  A dart slug (D:3)
  9 orcs (D:4)
  5 ball pythons
  3 endoplasms
  7 goblins
  4 hobgoblins
  13 jackals
  3 quokkas
  8 bats
  4 frilled lizards
  6 kobolds
  A rat (D:1)
71 creatures vanquished.

Notes
Turn   | Place    | Note
-------+----------+-------------------------------------------
     0 | D:1      | LeprechaunX the Octopode Shapeshifter began the quest for
                  | the Orb.
     0 | D:1      | Reached XP level 1. HP: 14/14 MP: 1/1
   130 | D:1      | Found Hipruts's Armour Shop.
   143 | D:1      | Reached XP level 2. HP: 19/19 MP: 2/2
   446 | D:1      | Reached XP level 3. HP: 24/24 MP: 3/3
   765 | D:2      | You fall into a shaft and drop 1 floor!
  1758 | D:3      | Reached XP level 4. HP: 20/30 MP: 4/4
  2336 | D:4      | Reached XP level 5. HP: 30/35 MP: 5/5
  2444 | D:4      | Reached skill level 4 in Shapeshifting
  2479 | D:4      | Noticed a kobold brigand
  2495 | D:4      | Slain by a gnoll

Illustrated notes

Levels and vault maps discovered:
D:1:      sevenhm_arrival_forest_fort_small_4, layout_loops_ring, serial_shops,
          shop, serial_glass, glass_columns_c, glass_columns_a,
          minmay_octomino_c4
D:2:      layout_basic, kennysheep_nub
D:3:      layout_basic
D:4:      lemuel_castle_with_subvaults [lemuel_castle_interior_original],
          layout_rooms, nicolae_overflow_hidden_temple,
          grunt_temple_overflow_open, grunt_ministairs_12, uniq_ijyb

Skill      XL: |  1  2  3  4  5 |
---------------+----------------+-----
Unarmed Combat | 3 |  3.8
Shapeshifting  | 4 |  4.1
Fighting       | 3 |  3.0
Dodging        | |  2.4

Action                     |  1- 3 |  4- 6 || total
---------------------------+-------+-------++-------
  Melee: Unarmed           |    59 |    54 ||   113
         Constrict         |    20 |    14 ||    34
         Tentacles         |    14 |     7 ||    21
         Punch             |     3 |       ||     3
   Fire: Longbow           |     2 |    12 ||    14
    Use: Potion            |       |     1 ||     1
   Stab: Sleeping          |     7 |     2 ||     9
 Armour: Skin              |     7 |    26 ||    33
  Dodge: Dodged            |    50 |    40 ||    90

Table legend: (Time is in decaauts)
 A = Elapsed time spent in this place.
 B = Non-inter-level travel time spent in this place.
 C = Inter-level travel time spent in this place.
 D = Time resting spent in this place.
 E = Time spent auto-exploring this place.
 F = Levels seen in this place.
 G = Mean time per level.
                   A        B        C        D        E       F      G
               +--------+--------+--------+--------+--------+-----+--------+
         Total |   2495 |   2389 |    106 |    100 |   1851 |   4 |  623.8 |
       Dungeon |   2495 |   2389 |    106 |    100 |   1851 |   4 |  623.8 |
               +--------+--------+--------+--------+--------+-----+--------+

Top non-repeatable levels by time:
     D:2: 784 daAuts
     D:3: 768 daAuts
     D:1: 721 daAuts
     D:4: 220 daAuts
